AoeStats
← Jujubignol

Glade

510390979Analyzed
1v1 RM · 2d ago on Sep 30, 2026· 28m 4s· 2 players
Game mode
Random Map
Map size
Tiny (2 player)
Population
200
Speed
Normal
Resources
Standard
Victory
Conquest
Starting age
Dark Age
Ending age
Imperial Age
RankedLock teamsTeams togetherTeam positionsShared explorationLock speedFull tech treeHidden civsTurbo modeCheats
Victory
Defeat
🇦🇷 Franks · Argentina
908
+16
🇫🇷 Franks · France
908
-45
Jujubignol
0:58 Loom
11:42 Feudal Age
12:36 Double-Bit Axe
15:04 Wheelbarrow
16:52 Forging
18:51 Fletching
19:01 Padded Archer Armor
19:30 Gold Mining
21:07 Scale Mail Armor
25:57 Castle Age
27:14 Crossbowman
HUGO QPA
0:35 Loom
3:28 Loom
11:09 Feudal Age
11:42 Town Watch
17:54 Castle Age
17:08 Stone Mining
17:11 Gold Mining
17:11 Double-Bit Axe
20:46 Forging
21:19 Bow Saw
21:54 Fletching
22:52 Arson
24:12 Town Patrol
25:47 Scale Barding Armor
27:39 Iron Casting
29:08 Wheelbarrow
Connection lost

Rejoining the realm…

Still unreachable

The connection could not be restored.

Session expired

The server has moved on; the page needs a fresh start.